 Dungeon Crawl Stone Soup version 0.31-a0-702-gf82c85558f (webtiles) character file.

Game seed: 9495594339103663092

492 qw the Shooter (level 7, -2/43 HPs)
             Began as a Gargoyle Hunter on Sept 7, 2023.
             Was an Initiate of Okawaru.
             Slain by a gnoll
             ... wielding a +0 halberd
              (5 damage)
             ... on level 4 of the Dungeon.
             The game lasted 00:01:16 (3147 turns).

qw the Shooter (Gargoyle Hunter)                    Turns: 3147, Time: 00:01:17

Health: -2/43      AC: 10    Str: 14    XL:     7   Next: 14%
Magic:  7/7        EV: 11    Int: 10    God:    Okawaru [......]
Gold:   160        SH:  0    Dex: 15    Spells: 6/6 levels left

rFire   . . .        g - +0 arbalest
rCold   . . .        (shield currently unavailable)
rNeg    + . .        e - +0 ring mail
rPois   inf          (no helmet)
rElec   +            (no cloak)
rCorr   .            (no gloves)
SInv    .            (no boots)
Will    .....        (no amulet)
Stlth   +            (no ring)
HPRegen 0.27/turn    (no ring)
MPRegen 0.10/turn

%: no passive effects
@: no status effects
A: sickness immunity, AC +4, negative energy resistance 1, electricity
resistance, torment resistance 1, petrification resistance
a: Renounce Religion


You were on level 4 of the Dungeon.
You worshipped Okawaru.
Okawaru was noncommittal.
You visited 2 branches of the dungeon, and saw 5 of its levels.

You collected 208 gold pieces.
You spent 48 gold pieces at shops.


Innate Abilities, Weirdness & Mutations

You are immune to sickness and miasma.
Your stone body is resilient. (AC +4)
You are immune to poison.
You resist negative energy. (rN+)
You are resistant to electric shocks. (rElec)
You are resistant to unholy torment.
You are immune to petrification.


   Skills:
 - Level 4.2 Fighting
 + Level 7.4 Ranged Weapons
 - Level 1.5 Armour
 - Level 1.5 Dodging
 - Level 1.1 Stealth


You had 6 spell levels left.
You didn't know any spells.
Your spell library was empty.

Inventory:

Hand Weapons
 g - a +0 arbalest (weapon)
Armour
 e - a +0 ring mail (worn)
Scrolls
 a - 4 scrolls of identify
Potions
 b - a potion of haste
 d - a potion of ambrosia {unknown}
 f - a potion of might
 h - a potion of curing

Dungeon Overview and Level Annotations

Branches:
Dungeon (4/15)             Temple (1/1) D:4

Altars:
Cheibriados
Dithmenos
Elyvilon
Gozag
Hepliaklqana
Kikubaaqudgha
Makhleb
Nemelex Xobeh
Okawaru
Qazlal
Ru
Trog
Vehumet
Xom
Yredelemnul
Zin
The Shining One

Shops:
D:2 ?


Message History

You open the door.
A kobold comes into view. It is wielding a +0 dagger.
The kobold shouts!
You shoot a bolt. The bolt hits the kobold!
You kill the kobold!
Okawaru accepts your kill.
Found a stone.
There is an open door here.
You open the door. 3 gnolls come into view.
A gnoll is wielding a +2 flail of protection.
You shoot a bolt. The bolt hits the gnoll.
The gnoll shouts!
The gnoll is moderately wounded.
The gnoll shouts! x2
You shoot a bolt. The bolt barely misses the gnoll.
The bolt hits the gnoll!
You kill the gnoll!
Okawaru accepts your kill. The gnoll hits you but does no damage.
A gnoll comes into view. It is wielding a +0 halberd.
You shoot a bolt.
The bolt hits the gnoll but does no damage.
The gnoll hits you with a +2 flail of protection.
The gnoll hits you from afar with a +0 halberd.
You shoot a bolt. The bolt hits the gnoll!
You kill the gnoll!
Okawaru accepts your kill.
The gnoll hits you with a +2 flail of protection.
The gnoll hits you from afar with a +0 halberd!
You shoot a bolt. The bolt hits the gnoll.
The gnoll is moderately wounded.
The gnoll hits you with a +2 flail of protection.
The gnoll completely misses you. The gnoll hits you but does no damage.
The gnoll hits you from afar with a +0 halberd!
You shoot a bolt. The bolt barely misses the gnoll.
The gnoll hits you with a +2 flail of protection.
The gnoll hits you from afar with a +0 halberd!
The gnoll hits you with a +2 flail of protection.
The gnoll hits you from afar with a +0 halberd.
You die...

############# ########
########...........# ..#....#
.......#....)......# ..#....#
.....#..)........# ..#....#
.g.#.......(...#
#####'#########)#...........#
.#.............g@.##'########
.#................#....#
.'................#....#
.#................'....#
##................#...##
#.....###'####'########
#.....'...........#
'.....#...........#
#.....#...........#


You could see 2 gnolls.

Vanquished Creatures
  An ogre (D:4)
  A jelly (D:4)
  A gnoll bouda (D:4)
  A sleepcap (D:4)
  An orc wizard (D:4)
  12 gnolls
  9 adders
  A worm (D:3)
  A dart slug (D:1)
  3 orcs (D:4)
  6 endoplasms
  6 giant cockroaches
  8 goblins
  9 hobgoblins
  8 kobolds
  4 quokkas
  9 ball pythons
  10 bats
  4 frilled lizards
  6 rats
101 creatures vanquished.

Notes
Turn   | Place    | Note
-------+----------+-------------------------------------------
     0 | D:1      | qw the Gargoyle Hunter began the quest for the Orb.
     0 | D:1      | Reached XP level 1. HP: 12/12 MP: 1/1
     0 | D:1      | 0 ||| qw: Version: 0.3-a-76-g4403597
     0 | D:1      | 0 ||| qw: Game counter: 843
     0 | D:1      | 0 ||| qw: Melee chars always use a shield: true
     0 | D:1      | 0 ||| qw: God list: Okawaru
     0 | D:1      | 0 ||| qw: Allow faded altars: false
     0 | D:1      | 0 ||| qw: Do Orc after clearing Dungeon:15 true
     0 | D:1      | 0 ||| qw: Do second Lair branch before Depths: true
     0 | D:1      | 0 ||| qw: Lair rune preference: random
     0 | D:1      | 0 ||| qw: Goals: Normal
     0 | D:1      | 0 ||| PLANNING D:1-11
   111 | D:1      | Reached XP level 2. HP: 17/17 MP: 2/2
   405 | D:1      | Reached XP level 3. HP: 21/21 MP: 3/3
   501 | D:1      | Reached skill level 5 in Ranged Weapons
   916 | D:1      | 916 ||| UPGRADING to +0 ring mail.
   926 | D:1      | 926 ||| DROPPING +0 leather armour.
   927 | D:1      | 927 ||| READING 3 scrolls labelled NEAKHE KUTHIUM.
   928 | D:1      | 928 ||| READING 2 scrolls labelled XAUDWI DAPEOL.
   929 | D:1      | 929 ||| READING scroll of enchant weapon.
   929 | D:1      | 929 ||| ENCHANTING +1 shortbow.
   930 | D:1      | 930 ||| READING 2 scrolls of identify.
   930 | D:1      | 930 ||| IDENTIFYING bubbling grey potion
   931 | D:1      | 931 ||| DROPPING scroll of butterflies.
   968 | D:2      | Found Ymar's Magic Scroll Boutique.
   975 | D:2      | 975 ||| SHOPLISTING scroll of enchant armour (90 gold, have
                  | 62).
   975 | D:2      | 975 ||| BUYING scroll of identify (24 gold).
   975 | D:2      | Bought a scroll of identify for 24 gold pieces
   975 | D:2      | 975 ||| BUYING scroll of identify (24 gold).
   975 | D:2      | Bought a scroll of identify for 24 gold pieces
  1024 | D:2      | Reached skill level 1 in Armour
  1024 | D:2      | Reached XP level 4. HP: 27/27 MP: 4/4
  1151 | D:2      | Reached skill level 3 in Fighting
  1575 | D:2      | 1575 ||| READING scroll labelled AGIAHU WAETI.
  1576 | D:2      | 1576 ||| READING scroll labelled ILLYEQ ZUTOBLEICSI.
  1577 | D:2      | 1577 ||| READING scroll labelled UDIJEL MUME.
  1578 | D:2      | 1578 ||| READING scroll labelled ORPHAE IRAD.
  1579 | D:2      | 1579 ||| DRINKING 2 lumpy inky potions.
  1580 | D:2      | 1580 ||| READING 3 scrolls of identify.
  1580 | D:2      | 1580 ||| IDENTIFYING bubbling brown potion
  1599 | D:3      | 1599 ||| STAIRDANCE
  1738 | D:3      | Reached XP level 5. HP: 32/32 MP: 5/5
  1986 | D:3      | Identified the +12 sling "Ofaurph" {drain, Str+3}
  1988 | D:3      | 1988 ||| SWAPPING to +12 sling "Ofaurph" {drain, Str+3}.
  1989 | D:3      | 1989 ||| DROPPING +2 shortbow.
  2167 | D:3      | 2167 ||| READING scroll labelled FAITWESKEOSE.
  2168 | D:3      | 2168 ||| READING scroll labelled MYF HUQUICSAE.
  2169 | D:3      | 2169 ||| READING scroll labelled QOSYRE FOETURPH.
  2170 | D:3      | 2170 ||| READING scroll labelled DYTZOW HAYLE.
  2173 | D:3      | 2173 ||| READING 4 scrolls of identify.
  2173 | D:3      | 2173 ||| IDENTIFYING emerald potion
  2213 | D:4      | Reached skill level 6 in Ranged Weapons
  2316 | D:4      | Reached XP level 6. HP: 38/38 MP: 6/6
  2408 | D:4      | Found a staircase to the Ecumenical Temple.
  2409 | D:4      | 2409 ||| PLANNING TEMPLE
  2417 | Temple   | Entered the Ecumenical Temple
  2418 | Temple   | 2418 ||| PLANNING OKAWARU WORSHIP
  2430 | Temple   | Became a worshipper of Warmaster Okawaru
  2431 | Temple   | 2431 ||| PLANNING D:1-11
  2654 | D:4      | Found a sparkling altar of Nemelex Xobeh.
  2658 | D:4      | Found a sacrificial altar of Ru.
  2662 | D:4      | Found a shimmering altar of Xom.
  2759 | D:4      | 2759 ||| SWAPPING to +0 arbalest.
  2760 | D:4      | 2760 ||| DROPPING +12 sling "Ofaurph" {drain, Str+3}.
  2854 | D:4      | 2854 ||| RETREATING.
  2856 | D:4      | 2856 ||| Stepping ~*~*~tactically~*~*~ (retreating).
  2857 | D:4      | 2857 ||| Stepping ~*~*~tactically~*~*~ (retreating).
  2859 | D:4      | Reached skill level 7 in Ranged Weapons
  2862 | D:4      | 2862 ||| Stepping ~*~*~tactically~*~*~ (retreating).
  2862 | D:4      | HP: 3/38 [gnoll/+0 whip[a gnoll bouda] (7)]
  2863 | D:4      | 2863 ||| DRINKING 2 potions of heal wounds.
  2864 | D:4      | 2864 ||| Stepping ~*~*~tactically~*~*~ (retreating).
  2865 | D:4      | 2865 ||| Stepping ~*~*~tactically~*~*~ (retreating).
  2868 | D:4      | HP: 7/38 [gnoll bouda/+0 club (5)]
  2869 | D:4      | 2869 ||| DRINKING potion of heal wounds.
  2878 | D:4      | Reached XP level 7. HP: 24/43 MP: 7/7
  3147 | D:4      | HP: 4/43 [gnoll/+0 halberd (8)]
  3147 | D:4      | Slain by a gnoll

Levels and vault maps discovered:
D:1:      saegor_arrival_simple_d, layout_basic, grunt_decor_mini_mirrors,
          dreamdust_princess_corridor
D:2:      layout_basic, serial_curves, eino_curves_01, eino_curves_03,
          serial_shops, shop, minmay_misc_feat_secret_circle
D:3:      layout_basic, grunt_decor_junction, grunt_ministairs_12,
          serial_park_tiny_2, hex_large
D:4:      layout_gridville, grunt_temple_overflow_diamond,
          minmay_temple_entry_mist, grunt_ministairs_15
Temple:   nicolae_temple_bog_church

Skill      XL: |  1  2  3  4  5  6 |
---------------+-------------------+-----
Ranged Weapons | 5 6 7 |  7.4
Armour         | 1 |  1.5
Fighting       | 3 4 |  4.2
Dodging        | |  1.5
Stealth        | |  1.1

Action                     |  1- 3 |  4- 6 |  7- 9 || total
---------------------------+-------+-------+-------++-------
   Fire: Shortbow          |    91 |    91 |       ||   182
         Sling             |       |    34 |       ||    34
         Arbalest          |       |    36 |    16 ||    52
    Use: Scroll            |     4 |    10 |       ||    14
         Potion            |       |     3 |       ||     3
 Armour: Leather armour    |    19 |       |       ||    19
         Ring mail         |     7 |    61 |    20 ||    88
  Dodge: Dodged            |    23 |    53 |     6 ||    82

Table legend:
 A = Non-vault XP
 B = Vault XP
 C = Vault XP percentage of total XP
 D = Non-vault monster count
 E = Vault monster count
 F = Vault count percentage of total count
                 A         B        C        D         E       F
            +---------+---------+-------+---------+---------+-------
      Total |     696 |       8 |   1.1 |      97 |       4 |   4.0
            +---------+---------+-------+---------+---------+-------
        D:1 |      61 |       0 |   0.0 |      25 |       0 |   0.0
        D:2 |      80 |       0 |   0.0 |      23 |       0 |   0.0
        D:3 |      54 |       3 |   5.3 |      19 |       2 |   9.5
        D:4 |     501 |       5 |   1.0 |      30 |       2 |   6.2
            +---------+---------+-------+---------+---------+-------
